 Dungeon Crawl Stone Soup version 0.19.0-1-g5985abe (webtiles) character file.

532 Ladykiller69 the Slasher (level 7, -3/59 HPs)
             Began as a Minotaur Gladiator on Nov 2, 2016.
             Was an Initiate of Okawaru.
             Slain by a centaur (6 damage)
             ... on level 5 of the Dungeon.
             The game lasted 00:08:55 (3399 turns).

Ladykiller69 the Slasher (Minotaur Gladiator)       Turns: 3399, Time: 00:08:55

Health: -3/59      AC:  5    Str: 20    XL:     7   Next: 3%
Magic:  15/15      EV: 14    Int:  5    God:    Okawaru [......]
Gold:   355        SH:  0    Dex: 12    Spells: 0 memorised, 6 levels left

rFire  . . .     SeeInvis .     a - +0 long sword
rCold  . . .     Gourm    .     b - +0 leather armour
rNeg   . . .     Faith    .     (no shield)
rPois  .         Spirit   .     c - +1 hat
rElec  .         Reflect  .     (no cloak)
rCorr  .         Harm     .     (no gloves)
MR     .....                    C - +0 pair of boots
Stlth  +.........               z - amulet of inaccuracy (curse)
                                (no ring)
                                i - ring of magical power

@: no status effects
A: retaliatory headbutt, horns 2
a: Renounce Religion


You were on level 5 of the Dungeon.
You worshipped Okawaru.
Okawaru was noncommittal.
You were not hungry.

You visited 2 branches of the dungeon, and saw 6 of its levels.

You collected 355 gold pieces.

Inventory:

Hand Weapons
 a - a +0 long sword (weapon)
Missiles
 k - 4 tomahawks (quivered)
 o - 102 stones
Armour
 b - a +0 leather armour (worn)
 c - a +1 hat (worn)
 j - a +0 chain mail
 r - a +0 plate armour
 C - a +0 pair of boots (worn)
Jewellery
 i - a ring of magical power (left hand)
 t - a +4 ring of intelligence {unknown}
 u - a cursed -3 ring of dexterity {unknown}
 z - a cursed amulet of inaccuracy (around neck)
Wands
 B - a wand of paralysis (8/24)
Scrolls
 m - 7 scrolls of identify
 y - a scroll of recharging
Potions
 e - 3 potions of magic
 g - 6 potions of heal wounds {unknown}
 h - 2 potions of degeneration {unknown}
 s - 2 potions of lignification {unknown}
 v - 2 potions of curing {unknown}
 A - a potion of might {unknown}
Books
 n - a book of Cantrips

   Spells                             Type                      Level
   a - Confusing Touch                Hexes                        1
   b - Animate Skeleton               Necromancy                   1
   c - Summon Small Mammal            Summoning                    1
   d - Apportation                    Translocation                1
 x - a book of Maledictions

   Spells                             Type                      Level
   a - Corona                         Hexes                        1
   b - Ensorcelled Hibernation        Hexes/Ice                    2
   c - Confuse                        Hexes                        3
   d - Tukima's Dance                 Hexes                        3
   e - Dazzling Spray                 Conjuration/Hexes            3
Comestibles
 f - 3 bread rations
 l - a royal jelly
 p - 3 chunks of flesh
 q - 2 meat rations


   Skills:
 - Level 4.0 Fighting
 * Level 7.1 Long Blades
 - Level 2.0 Throwing
 + Level 3.1 Armour
 + Level 5.0 Dodging
 + Level 0.8 Invocations


You had 6 spell levels left.
You didn't know any spells.

Dungeon Overview and Level Annotations

Branches:
Dungeon (5/15)             Temple (1/1) D:5

Altars:
Ashenzari
Cheibriados
Dithmenos
Elyvilon
Fedhas
Gozag
Hepliaklqana
Kikubaaqudgha
Makhleb
Nemelex Xobeh
Okawaru
Qazlal
Ru
Trog
Uskayaw
Vehumet
Yredelemnul
Zin

Shops:
D:4 *%*[:


Innate Abilities, Weirdness & Mutations

You reflexively headbutt those who attack you in melee.
You have a pair of horns on your head.


Message History

The centaur unwields an uncursed shortbow of flaming.
It stops flaming.
The centaur misses you.
You riposte.
You completely miss the centaur. You headbutt the centaur!
The centaur is moderately wounded.
Throwing (i - inventory. (,) - cycle):
d - a throwing net (quivered)
Press: ? - help, Shift-Dir - straight line, f/p - centaur
Aim: a centaur (moderately wounded)
You throw a throwing net.
The throwing net closely misses the centaur.
The centaur misses you.
You riposte.
You barely miss the centaur. You headbutt the centaur!
The centaur is severely wounded.
Throwing (i - inventory. (,) - cycle):
k - 4 tomahawks (quivered)
Press: ? - help, Shift-Dir - straight line, f/p - centaur
Aim: a centaur (severely wounded)
Okay, then.
You barely miss the centaur.
The centaur is severely wounded.
The centaur hits you.
You die...

##.# ###############.
#.## ######## #..
#..###......#####...#
##..##..##........##
##...............
##..##o#..#...#.#
#..##.......#..###
#.(####..c>...##..
#####@####...(......[.
#....c.)(.............
########..............
#..............
##.............
#.....#.....##
##...###.....#
##..#..!..#..
#..#.....##.


You could see a centaur.

Vanquished Creatures
  A centaur (D:3)
  An ogre (D:5)
  A howler monkey (D:5)
  2 hounds (D:4)
  2 orc wizards
  A worker ant (D:4)
  8 adders
  2 oozes
  2 worms
  3 dart slugs
  A leopard gecko (D:2)
  16 orcs
  2 giant cockroaches (D:3)
  12 goblins
  7 hobgoblins
  8 jackals
  4 quokkas
  3 bats
  7 frilled lizards
  6 kobolds
  A quokka skeleton (D:5)
  3 rats (D:1)
93 creatures vanquished.

Notes
Turn   | Place    | Note
-------+----------+-------------------------------------------
     0 | D:1      | Ladykiller69 the Minotaur Gladiator began the quest for the Orb.
     0 | D:1      | Reached XP level 1. HP: 18/18 MP: 0/0
    39 | D:1      | Found a shattered altar of Ashenzari.
    98 | D:1      | Reached skill level 4 in Long Blades
   176 | D:1      | Reached XP level 2. HP: 24/25 MP: 1/1
   869 | D:2      | Reached XP level 3. HP: 30/30 MP: 2/2
  1052 | D:2      | Reached skill level 5 in Long Blades
  1130 | D:2      | Reached XP level 4. HP: 27/38 MP: 3/3
  1502 | D:3      | Noticed a centaur
  1524 | D:3      | Killed a centaur
  1524 | D:3      | Reached skill level 1 in Armour
  1524 | D:3      | Reached XP level 5. HP: 34/46 MP: 4/4
  2032 | D:4      | Reached skill level 6 in Long Blades
  2048 | D:4      | Found Peorgh Le Her's Assorted Antiques.
  2101 | D:4      | Found Pyfas's Food Shop.
  2132 | D:4      | Found Vezeigav's Armour Shoppe.
  2159 | D:4      | Found Ruyscheida's Book Shoppe.
  2169 | D:4      | Reached XP level 6. HP: 42/52 MP: 5/5
  2284 | D:4      | Found Reufikk's General Store.
  2891 | D:5      | Entered Level 5 of the Dungeon
  2905 | D:5      | Found a staircase to the Ecumenical Temple.
  2919 | Temple   | Entered the Ecumenical Temple
  2955 | Temple   | Became a worshipper of Warmaster Okawaru
  3201 | D:5      | Reached skill level 7 in Long Blades
  3201 | D:5      | Reached skill level 5 in Dodging
  3201 | D:5      | Reached XP level 7. HP: 14/59 MP: 6/6
  3394 | D:5      | HP: 2/59 [centaur/arrow (3)]
  3399 | D:5      | Slain by a centaur

Skill      XL: |  1  2  3  4  5  6 |
---------------+-------------------+-----
Long Blades    | 4 5 6 7 |  7.1
Fighting       | 3 4 |  4.0
Dodging        | 4 5 |  5.0
Armour         | 1 2 3 |  3.1
Throwing       | |  2.0
Invocations    | |  0.8

Action                   |  1- 3 |  4- 6 |  7- 9 || total
-------------------------+-------+-------+-------++-------
Melee: Long sword        |    52 |   156 |     6 ||   214
       Headbutt          |    10 |    25 |     3 ||    38
Throw: Throwing net      |       |     2 |     2 ||     4
       Tomahawk          |       |     2 |       ||     2
  Use: Scroll            |       |    10 |       ||    10
 Stab: Held in net/web   |       |     1 |       ||     1
       Sleeping          |       |     1 |       ||     1
  Eat: Chunk             |     1 |     6 |     1 ||     8
Armor: Leather armour    |     8 |    26 |     1 ||    35
Dodge: Dodged            |    38 |   111 |     2 ||   151
       Rpst.: Long sword |     7 |    32 |     2 ||    41
